 Dungeon Crawl Stone Soup version 0.29-a0-892-g2c4c91d9db (webtiles) character file.

Game seed: 5459577286996564377

91025 purpskrrrp the Cruncher (level 16, -22/60 (130) HPs)
             Began as a Formicid Fighter on July 23, 2022.
             Was an Initiate of Gozag.
             Killed from afar by Jorgrun (44 damage)
             ... with an iron shot
             ... on level 1 of the Orcish Mines.
             The game lasted 02:01:22 (25626 turns).

purpskrrrp the Cruncher (Formicid Fighter)         Turns: 25626, Time: 02:01:29

HP:   -22/60 (130)  AC: 30    Str: 44    XL:     16   Next: 49%
MP:   0/16          EV:  9    Int: 10    God:    Gozag
Gold: 2689          SH: 11    Dex: 17    Spells: 15/15 levels left

rFire   + + .      SeeInvis +   Q - +9 great mace "Grim Tooth" {vorpal, Str+8 Dex-5}
rCold   + + +      Faith    .   c - +3 buckler
rNeg    + . .      Spirit   +   H - +1 crystal plate armour of Veaqouth {rC++ Will+}
rPois   +          Reflect  .   (helmet unavailable)
rElec   +          Harm     .   o - scarf {rC+ rF+}
rCorr   +          Rampage  .   G - +2 pair of gloves
Will    +++..                   n - +3 pair of boots "Suewy" {rN+ Will+ Dex+3 Stlth+}
Stlth   ..........              d - amulet "Xuveress" {Spirit rF+ rC++ rCorr Stlth-}
HPRegen 0.20/turn               l - +6 ring of strength
MPRegen 0.15/turn               a - ring "Xanol" {rElec rPois rC- Str+3 Dex+6}

@: studying Long Blades, extremely drained
A: permanent stasis, dig shafts and tunnels, antennae 3, four strong arms, sense
surroundings 1, screaming 1
a: Dig, Shaft Self, Renounce Religion, Potion Petition, Call Merchant, Bribe
Branch


You were on level 1 of the Orcish Mines.
You worshipped Gozag.
Gozag was most pleased with you.
You visited 4 branches of the dungeon, and saw 21 of its levels.
You also visited: Ossuary and Bailey.

You collected 7619 gold pieces.
You spent 4864 gold pieces at shops.
You paid 66 gold pieces to Gozag.

Inventory:

Hand Weapons
 e - a +1 triple sword
 s - a +9 spectral quarterstaff
 J - a +4 battleaxe
 Q - the +9 great mace "Grim Tooth" (weapon) {vorpal, Str+8 Dex-5}
   (You found it on level 11 of the Dungeon)

   It inflicts extra damage upon your enemies.
   Str:       It affects your strength (+8).
   Dex:       It affects your dexterity (-5).
Missiles
 h - 26 boomerangs
 p - 3 atropa-tipped darts
 z - 3 curare-tipped darts
 A - 9 javelins
 L - 6 datura-tipped darts
 Z - 11 poisoned darts
Armour
 c - a +3 buckler (worn)
 n - the +3 pair of boots "Suewy" (worn) {rN+ Will+ Dex+3 Stlth+}
   (You bought it in a shop on level 13 of the Dungeon)

   Dex:       It affects your dexterity (+3).
   rN:        It protects you from negative energy.
   Will:      It increases your willpower.
   Stlth:     It makes you more stealthy.
 o - a scarf of resistance (worn)
 G - a +2 pair of gloves (worn)
 H - the +1 crystal plate armour of Veaqouth (worn) {rC++ Will+}
   (You bought it in a shop on level 13 of the Dungeon)

   rC:        It greatly protects you from cold.
   Will:      It increases your willpower.
 K - the +1 plate armour of the Blind Marksman {Will+ Regen+ Str+2}
   (You acquired it in an ossuary)

   Str:       It affects your strength (+2).
   Regen:     It increases your rate of health regeneration.
   Will:      It increases your willpower.
Jewellery
 a - the ring "Xanol" (right hand) {rElec rPois rC- Str+3 Dex+6}
   (You found it on level 9 of the Dungeon)

   [ring of dexterity]

   Str:       It affects your strength (+3).
   Dex:       It affects your dexterity (+6).
   rC:        It makes you vulnerable to cold.
   rElec:     It insulates you from electricity.
   rPois:     It protects you from poison.
 d - the amulet "Xuveress" (around neck) {Spirit rF+ rC++ rCorr Stlth-}
   (You acquired it in a bailey)

   [amulet of guardian spirit]

   It causes incoming damage to be divided between your reserves of health and
   magic.
   rF:        It protects you from fire.
   rC:        It greatly protects you from cold.
   rCorr:     It protects you from acid and corrosion.
   Stlth:     It makes you less stealthy.
 l - a +6 ring of strength (left hand)
Wands
 k - a wand of iceblast (12) (quivered)
 t - a wand of polymorph (3)
 M - a wand of flame (31)
 W - a wand of mindburst (7)
Scrolls
 b - a scroll of brand weapon
 g - 3 scrolls of magic mapping
 q - 3 scrolls of identify
 r - 6 scrolls of fear
 v - 4 scrolls of fog
 x - a scroll of immolation
 D - 4 scrolls of enchant armour
 T - a scroll of enchant weapon
Potions
 f - 5 potions of magic
 i - 4 potions of flight
 m - 4 potions of cancellation
 u - a potion of lignification
 w - a potion of resistance
 B - 12 potions of curing
 E - 2 potions of heal wounds
 F - a potion of invisibility
 I - 3 potions of brilliance
 N - 3 potions of attraction
 P - 4 potions of might
 S - a potion of berserk rage
Miscellaneous
 j - a phial of floods
 O - a box of beasts
 U - a lightning rod (4/4)


   Skills:
 * Level 13.0 Fighting
 + Level 3.9(8.1) Axes
 * Level 11.0(14.6) Maces & Flails
 + Level 14.9(16.3) Staves
 + Level 8.0 Throwing
 * Level 11.8 Armour
 + Level 3.0 Dodging
 + Level 7.0 Stealth
 * Level 14.4 Shields
 + Level 0.5 Evocations


You had 15 spell levels left.
You didn't know any spells.
Your spell library contained the following spells:

 Spells                   Type           Power      Damage    Failure   Level
 Apportation              Tloc           0%         N/A       98%         1
 Beastly Appendage        Tmut           0%         N/A       98%         1
 Freeze                   Ice            0%         1d3       98%         1
 Necrotise                Necr           0%         1d4       98%         1
 Slow                     Hex            0%         N/A       98%         1
 Summon Small Mammal      Summ           0%         N/A       98%         1
 Scorch                   Fire           0%         2d5       99%         2
 Sublimation of Blood     Necr           0%         N/A       99%         2
 Wereblood                Tmut           0%         N/A       99%         2
 Call Canine Familiar     Summ           0%         N/A       100%        3
 Conjure Flame            Conj/Fire      0%         6-21      100%        3
 Dazzling Flash           Conj/Hex       0%         N/A       100%        3
 Frozen Ramparts          Ice            0%         1d2       100%        3
 Gell's Gravitas          Tloc           0%         N/A       100%        3
 Lesser Beckoning         Tloc           0%         N/A       100%        3
 Mephitic Cloud           Conj/Pois/Air  0%         N/A       100%        3
 Portal Projectile        Hex/Tloc       0%         N/A       100%        3
 Spider Form              Tmut/Pois      0%         N/A       100%        3
 Teleport Other           Tloc           0%         N/A       100%        3
 Flame Wave               Conj/Fire      0%         2d4       100%        4
 Hailstorm                Conj/Ice       0%         3d3       100%        4
 Ice Form                 Ice/Tmut       0%         N/A       100%        4
 Iskenderun's Mystic Bla  Conj/Tloc      0%         2d3       100%        4
 Leda's Liquefaction      Hex/Erth       0%         N/A       100%        4
 Petrify                  Tmut/Erth      0%         N/A       100%        4
 Alistair's Intoxication  Tmut/Pois      0%         N/A       100%        5
 Fireball                 Conj/Fire      0%         3d3       100%        5
 Iskenderun's Battlesphe  Conj           0%         2d6       100%        5
 Summon Forest            Summ/Tloc      0%         N/A       100%        5
 Summon Mana Viper        Hex/Summ       0%         N/A       100%        5
 Conjure Ball Lightning   Conj/Air       0%         3x3d6     100%        6
 Starburst                Conj/Fire      0%         6d3       100%        6
 Summon Cactus Giant      Summ           0%         N/A       100%        6
 Dragon Form              Tmut           0%         N/A       100%        7
 Orb of Destruction       Conj           0%         9d5       100%        7
 Summon Hydra             Summ           0%         N/A       100%        7
 Discord                  Hex            0%         N/A       100%        8
 Disjunction              Tloc           0%         N/A       100%        8
 Ignition                 Fire           0%         3d3       100%        8
 Corpse Rot               Necr/Pois/Air  Unusable   N/A       N/A         4
 Simulacrum               Ice/Necr       Unusable   N/A       N/A         6

Dungeon Overview and Level Annotations

Branches:
Dungeon (14/15)            Temple (1/1) D:4            Lair (5/5) D:9
 Shoals (0/4) Lair:2        Snake (0/4) Lair:3        Slime (0/5) Lair:4
    Orc (1/2) D:11         Vaults (0/5) D:14        Ossuary (visited)
 Bailey (visited)

Altars:
Ashenzari
Cheibriados
Dithmenos
Elyvilon
Fedhas
Gozag
Hepliaklqana
Kikubaaqudgha
Makhleb
Nemelex Xobeh
Okawaru
Qazlal
Ru
Sif Muna
Trog
Uskayaw
Vehumet
Wu Jian
Xom
Yredelemnul
Zin
The Shining One

Shops:
D:2 *   D:7 [   D:12 ?   D:13 [   D:14 ?

Annotations:
Orc:1 Jorgrun


Innate Abilities, Weirdness & Mutations

You cannot be hasted, slowed, berserked, paralysed or teleported.
You can dig through walls and to a lower floor.
You have a pair of large antennae on your head. (SInv)
Your four strong arms can wield two-handed weapons with a shield.
You passively map a small area around you.
You occasionally shout uncontrollably at your foes.


Message History

You bludgeon Jorgrun!!
Jorgrun is moderately wounded.
Jorgrun hits you with a staff of earth. The orc wizard casts a spell at you.
The magic dart hits you but does no damage.
You hit Jorgrun.
Jorgrun is moderately wounded.
Jorgrun points next to you and mumbles some strange words.
The wall shatters!
The blast of rock fragments hits you! You block the orc wizard's attack.
You closely miss Jorgrun.
Jorgrun is moderately wounded.
Jorgrun hits you but does no damage.
The orc wizard hits you but does no damage.
You bludgeon Jorgrun!!
Jorgrun is heavily wounded.
Jorgrun hits you but does no damage. The orc wizard barely misses you.
You bludgeon Jorgrun!!
Jorgrun is severely wounded.
You hear a shout!
You block Jorgrun's attack.
The orc wizard is distracted by your dazzling golden aura.
The orc wizard shouts!
You sock Jorgrun!
Jorgrun is almost dead.
You hear a shout!
The orc wizard is no longer distracted by gold.
Jorgrun hits you with a staff of earth!
The orc wizard hits you but does no damage.
You closely miss Jorgrun.
Jorgrun is almost dead.
Jorgrun gestures at you while chanting. The iron shot hits you!
You block the orc wizard's attack.
You closely miss Jorgrun.
Jorgrun is almost dead.
Jorgrun gestures at you while chanting. The iron shot hits you!!!
Ouch! That really hurt!
You die...
Your body crumbles into a pile of gold.

### $ #.# , * ### ##.# * $
##..# ##..# * ....#*#§§§# *
.#
#..#.##§§§##..############
.##.#..$#§§@§§..............
.....^.#..og§§##############
$ * *$.$....§§§§.§##
.....$.#...§##
,,........#..## *.#.....#..#
, ...........# ,
.............
........#.....#


You could see Jorgrun and an orc wizard (invisible).

Vanquished Creatures
  Gastronok (Lair:3)
  An orc warlord (Bailey)
  7 slime creatures
  Nessos (Lair:5)
  Josephine (Lair:3)
  A vault guard (D:14)
  A merfolk avatar (Lair:5)
  Erolcha (D:9)
  5 boulder beetles
  13 hydras
  5 two-headed ogres
  Erica (D:8)
  2 centaur warriors (D:14)
  6 death yaks
  5 large abominations (D:11)
  9 skeletal warriors
  5 wizards
  2 lindwurms
  Pikel (D:4)
  A deep elf pyromancer (D:9)
  An orc knight (Bailey)
  2 ugly things (D:12)
  3 manticores
  An oklob plant (Lair:4)
  6 elephants
  Joseph (D:7)
  7 black mambas
  13 cane toads
  Maggie (D:9)
  A gargoyle (D:12)
  A molten gargoyle (D:14)
  5 rime drakes
  9 komodo dragons
  4 kobold demonologists
  2 efreet (D:13)
  9 trolls
  2 wind drakes
  22 blink frogs
  A tarantella (shapeshifter) (D:14)
  2 snapping turtles (Lair:5)
  12 dream sheep
  5 shadows
  6 wraiths
  3 vampires
  12 wyverns
  47 yaks
  A fire elemental (D:14)
  5 vampire mosquitoes (D:13)
  7 basilisks
  18 humans (D:14)
  Grum (D:9)
  2 steam dragons
  A redback simulacrum (D:14)
  2 nagas (Lair:3)
  17 water moccasins
  23 orc warriors
  An ice beast (D:7)
  A black bear (D:7)
  A sky beast (D:8)
  12 centaurs
  2 ogres (Orc:1)
  A boggart (D:9)
  3 lemures (D:4)
  22 wolves
  A phantom (D:11)
  12 kobold brigands
  11 bullfrogs
  A gnoll sergeant (D:7)
  2 necrophages (D:7)
  4 scorpions
  13 wights
  7 small abominations (D:11)
  A killer bee (D:9)
  A troll zombie (D:11)
  6 electric eels
  9 howler monkeys
  Crazy Yiuf (D:3)
  9 orc priests
  4 gnoll boudas
  10 hounds
  2 jellies
  4 iguanas
  21 orc wizards
  7 hell rats (Lair:4)
  5 ogre zombies (D:11)
  8 mummies (Ossuary)
  27 gnolls
  3 adders
  A shadow imp (D:6)
  2 white imps
  2 ufetubi
  A dart slug (D:3)
  75 orcs
  9 ball pythons
  4 bats
  5 endoplasms
  2 giant cockroaches
  17 goblins
  18 hobgoblins
  6 quokkas
  A frilled lizard (D:3)
  A gnoll zombie (Ossuary)
  3 goblin zombies (D:11)
  5 hobgoblin zombies
  22 kobolds
  3 kobold zombies (Ossuary)
  An orc skeleton (D:11)
  14 orc zombies
  4 rats
  A plant (D:13)
733 creatures vanquished.

Vanquished Creatures (others)
  A vampire mosquito (D:13)
  4 bushes
  40 fungi
  93 plants
138 creatures vanquished.

Grand Total: 871 creatures vanquished

Notes
Turn   | Place    | Note
-------+----------+-------------------------------------------
     0 | D:1      | purpskrrrp the Formicid Fighter began the quest for the
                  | Orb.
     0 | D:1      | Reached XP level 1. HP: 18/18 MP: 1/1
   194 | D:1      | Reached XP level 2. HP: 18/24 MP: 2/2
   825 | D:2      | Found Fudag's General Store.
   830 | D:2      | Bought a scroll of identify for 28 gold pieces
   869 | D:2      | Reached XP level 3. HP: 25/29 MP: 3/3
  1171 | D:2      | Reached XP level 4. HP: 11/36 MP: 4/4
  1522 | D:2      | Found a faded altar of an unknown god.
  2245 | D:3      | Noticed a kobold brigand
  2249 | D:3      | Noticed a kobold brigand
  2256 | D:3      | Killed a kobold brigand
  2257 | D:3      | Reached skill level 1 in Staves
  2257 | D:3      | Reached skill level 1 in Stealth
  2257 | D:3      | Reached XP level 5. HP: 37/42 MP: 5/5
  2259 | D:3      | Killed a kobold brigand
  2260 | D:3      | Reached skill level 5 in Shields
  2260 | D:3      | Reached XP level 6. HP: 42/48 MP: 6/6
  2436 | D:3      | Found a runed translucent door.
  2437 | D:3      | Noticed Crazy Yiuf
  3049 | D:3      | Killed Crazy Yiuf
  3671 | D:4      | Found a broken altar of Ashenzari.
  3720 | D:4      | Reached XP level 7. HP: 51/54 MP: 7/7
  4032 | D:4      | Noticed Pikel
  4044 | D:4      | Killed Pikel
  4045 | D:4      | Reached skill level 5 in Staves
  4045 | D:4      | Reached skill level 1 in Dodging
  4045 | D:4      | Reached XP level 8. HP: 61/61 MP: 8/8
  4102 | D:4      | Found a staircase to the Ecumenical Temple.
  4368 | Temple   | Entered the Ecumenical Temple
  4389 | Temple   | Became a worshipper of Gozag Ym Sagoz the Greedy
  4427 | D:5      | Entered Level 5 of the Dungeon
  4982 | D:5      | Reached skill level 5 in Fighting
  4982 | D:5      | Reached skill level 1 in Throwing
  5049 | D:5      | Noticed a hornet
  5058 | D:5      | You fall into a shaft and drop 1 floor!
  5339 | D:6      | Reached XP level 9. HP: 65/68 MP: 9/9
  6085 | D:5      | Found a shimmering altar of Xom.
  6261 | D:5      | Found an ancient bone altar of Kikubaaqudgha.
  6767 | D:2      | Bought a +4 ring of protection for 504 gold pieces
  7389 | D:7      | Reached skill level 5 in Armour
  7480 | D:7      | Noticed Joseph
  7496 | D:7      | Killed Joseph
  7605 | D:7      | Found Eqotupi's Antique Armour Shop.
  7707 | D:7      | Reached XP level 10. HP: 54/76 MP: 10/10
  8376 | D:7      | Found an ornate altar of the Wu Jian Council.
  8385 | D:7      | Found a bloodstained altar of Trog.
  9180 | D:8      | Found a shimmering blue altar of Sif Muna.
  9260 | D:8      | Found a sand-covered staircase.
  9274 | Ossuary  | Entered an ossuary
  9665 | Ossuary  | Identified a scroll of acquirement
  9665 | Ossuary  | Acquired the +1 plate armour of the Blind Marksman {Will+
                  | Regen+ Str+2}
  9694 | Ossuary  | Gained mutation: You occasionally lose the ability to read
                  | scrolls when taking damage. [potion of mutation]
  9694 | Ossuary  | Gained mutation: Your body sometimes deteriorates upon
                  | taking damage. [potion of mutation]
  9857 | D:8      | Noticed Erica
  9867 | D:8      | Killed Erica
 10483 | D:8      | Got Sif Muna's Parchment of the Bear
 10735 | D:9      | Identified the ring "Xanol" {rElec rPois rC- Str+3 Dex+6}
 10741 | D:9      | Got Sif Muna's Cyclopedia of the Variable Summer
 10780 | D:9      | Reached skill level 10 in Staves
 10788 | D:9      | Reached XP level 11. HP: 70/83 MP: 11/11
 10803 | D:9      | Found a flagged portal.
 10818 | Bailey   | Entered a bailey
 10848 | Bailey   | Noticed an orc knight
 10867 | Bailey   | Killed an orc knight
 11088 | Bailey   | Noticed an orc warlord
 11115 | Bailey   | Killed an orc warlord
 11146 | Bailey   | Got the Handbook of Envenoming and Transmutation
 11203 | Bailey   | Acquired the amulet "Xuveress" {Spirit rF+ rC++ rCorr
                  | Stlth-}
 11303 | D:9      | Reached skill level 5 in Stealth
 11308 | D:9      | Noticed Maggie
 11320 | D:9      | Killed Maggie
 11354 | D:9      | Noticed a soul eater
 11357 | D:9      | Noticed a deep elf pyromancer
 11363 | D:9      | Killed a deep elf pyromancer
 11364 | D:9      | Noticed Erolcha
 11370 | D:9      | Killed Erolcha
 11371 | D:9      | Reached skill level 5 in Throwing
 11401 | D:9      | Noticed a two-headed ogre
 11407 | D:9      | Killed a two-headed ogre
 11408 | D:9      | Reached XP level 12. HP: 53/94 MP: 6/12
 11514 | D:9      | Noticed Grum
 11520 | D:9      | Killed Grum
 11934 | D:9      | Reached skill level 10 in Shields
 11948 | D:9      | Found a staircase to the Lair.
 12079 | D:9      | Found a stormy altar of Qazlal.
 12551 | D:10     | Entered Level 10 of the Dungeon
 12554 | D:10     | Noticed a two-headed ogre
 12557 | D:10     | Killed a two-headed ogre
 13381 | D:11     | Lost mutation: You occasionally lose the ability to read
                  | scrolls when taking damage. [potion of mutation]
 13381 | D:11     | Lost mutation: Your body sometimes deteriorates upon taking
                  | damage. [potion of mutation]
 13381 | D:11     | Gained mutation: You occasionally lose the ability to read
                  | scrolls when taking damage. [potion of mutation]
 13381 | D:11     | Gained mutation: You have very sharp teeth. [potion of
                  | mutation]
 13485 | D:11     | Found a staircase to the Orcish Mines.
 13738 | D:11     | Noticed a two-headed ogre
 13744 | D:11     | Killed a two-headed ogre
 13813 | D:11     | You fall into a shaft and drop 3 floors!
 13855 | D:14     | Noticed a two-headed ogre
 13862 | D:14     | Killed a two-headed ogre
 13870 | D:14     | Noticed a centaur warrior
 13878 | D:14     | Noticed a boulder beetle
 13880 | D:14     | Found Bicrof's Magic Scroll Emporium.
 13894 | D:14     | Killed a centaur warrior
 13895 | D:14     | Reached XP level 13. HP: 61/101 MP: 7/13
 13919 | D:14     | Killed a boulder beetle
 14189 | D:14     | Noticed a boulder beetle
 14205 | D:14     | Noticed a boulder beetle
 14211 | D:14     | Killed a boulder beetle
 14212 | D:14     | Reached skill level 10 in Fighting
 14220 | D:14     | Killed a boulder beetle
 14304 | D:14     | Found a gate to the Vaults.
 14304 | D:14     | Noticed a vault guard
 14311 | D:14     | Killed a vault guard
 14460 | D:14     | Noticed a centaur warrior
 14468 | D:14     | Killed a centaur warrior
 14902 | D:14     | Bought a scroll of enchant armour for 97 gold pieces
 14902 | D:14     | Bought a scroll of acquirement for 676 gold pieces
 14902 | D:14     | Bought a scroll of enchant weapon for 97 gold pieces
 14903 | D:14     | Acquired a manual of Long Blades
 15350 | D:13     | Noticed an eight-headed hydra
 15354 | D:13     | Killed an eight-headed hydra
 15480 | D:13     | Reached XP level 14. HP: 110/111 MP: 14/14
 15990 | D:13     | Found Xumual's Antique Armour Shop.
 15994 | D:13     | Bought a pair of jewelled boots for 294 gold pieces
 15994 | D:13     | Identified the +3 pair of boots "Suewy" {rN+ Will+ Dex+3
                  | Stlth+} (You bought it in a shop on level 13 of the
                  | Dungeon)
 16629 | D:12     | Reached skill level 10 in Armour
 16670 | D:12     | Found Hoba Hipp's Magic Scroll Shoppe.
 16684 | D:12     | Bought a scroll of identify for 34 gold pieces
 16684 | D:12     | Bought a scroll of enchant armour for 127 gold pieces
 16684 | D:12     | Bought a scroll of identify for 34 gold pieces
 16684 | D:12     | Bought a scroll of immolation for 68 gold pieces
 16837 | D:12     | Found a white marble altar of Elyvilon.
 17026 | D:12     | Found a hazy altar of Hepliaklqana.
 17139 | D:12     | Found an opulent altar of Gozag.
 17901 | D:11     | Identified the +9 great mace "Grim Tooth" {vorpal, Str+8
                  | Dex-5}
 18239 | D:7      | Bought a bloodstained scale mail for 270 gold pieces
 18239 | D:7      | Identified the +1 scale mail of Refuge {rN+ Int+4 Stlth+}
                  | (You bought it in a shop on level 7 of the Dungeon)
 18322 | Lair:1   | Entered Level 1 of the Lair of Beasts
 18399 | Lair:1   | You fall into a shaft and drop 1 floor!
 18455 | Lair:2   | Reached skill level 1 in Maces & Flails
 18540 | Lair:2   | Found a staircase to the Shoals.
 18971 | Lair:2   | Reached XP level 15. HP: 120/120 MP: 15/15
 20099 | D:13     | Bought a pitted crystal plate armour for 2635 gold pieces
 20099 | D:13     | Identified the +1 crystal plate armour of Veaqouth {rC++
                  | Will+} (You bought it in a shop on level 13 of the Dungeon)
 20362 | Lair:3   | Noticed Josephine
 20372 | Lair:3   | Killed Josephine
 20381 | Lair:3   | Reached skill level 5 in Maces & Flails
 20547 | Lair:3   | Found a staircase to the Snake Pit.
 20813 | Lair:3   | Identified the +0 pair of gloves of Odiam {rElec MP+9 Str+4
                  | Stlth+}
 21093 | Lair:3   | Noticed Gastronok
 21105 | Lair:3   | Killed Gastronok
 21843 | Lair:4   | Identified the +1 ring mail of Daisies {Dex+3}
 22036 | Lair:4   | Found a staircase to the Slime Pits.
 22894 | Lair:5   | Entered Level 5 of the Lair of Beasts
 22930 | Lair:4   | Reached XP level 16. HP: 42/129 MP: 4/16
 23239 | Lair:5   | Noticed Nessos
 23248 | Lair:5   | Killed Nessos
 23465 | Lair:5   | Reached skill level 10 in Maces & Flails
 23818 | Lair:5   | Identified the +0 scale mail of Dogma {rC+ Slay+5}
 24978 | Lair:5   | Lost mutation: You have very sharp teeth. [potion of
                  | mutation]
 24978 | Lair:5   | Lost mutation: You occasionally lose the ability to read
                  | scrolls when taking damage. [potion of mutation]
 24978 | Lair:5   | Gained mutation: You are robust. (+10% HP) [potion of
                  | mutation]
 24978 | Lair:5   | Gained mutation: You occasionally lose the ability to drink
                  | potions when taking damage. [potion of mutation]
 24978 | Lair:5   | Lost mutation: You are robust. (+10% HP) [potion of
                  | mutation]
 25062 | Lair:3   | Lost mutation: You occasionally lose the ability to drink
                  | potions when taking damage. [potion of mutation]
 25062 | Lair:3   | Gained mutation: You passively map a small area around you.
                  | [potion of mutation]
 25062 | Lair:3   | Gained mutation: You occasionally shout uncontrollably at
                  | your foes. [potion of mutation]
 25243 | Orc:1    | Entered Level 1 of the Orcish Mines
 25606 | Orc:1    | Noticed Jorgrun
 25626 | Orc:1    | Killed from afar by Jorgrun

Illustrated notes

Levels and vault maps discovered:
D:1:      shiori_shiawase, layout_loops_ring
D:2:      layout_loops_cross, ebering_ecumenical_altar_hall, serial_shops, shop
D:3:      cheibrodos_thug_alley, layout_basic, serial_park_tiny_1,
          uniq_crazy_yiuf_cottage
D:4:      layout_gridville, amcnicky_altar_gilded,
          minmay_temple_entry_stoned_glass, uniq_pikel
D:5:      minmay_octagon_keep, layout_cave_pools, kennysheep_little_box,
          tgw_xom, dreamdust_princess_bridge, serial_park_tiny_2,
          nicolae_figureground_pulse
D:6:      layout_rooms, kennysheep_generic_room_7
D:7:      layout_loops_ring, mainiacjoe_overflow_swirl, serial_shops,
          nicolae_shop_behind_doors, chequers_avenue, minmay_between,
          uniq_joseph
D:8:      layout_basic, led_sif_book, enter_ossuary_1, uniq_erica
D:9:      minmay_ornate_pinched, layout_loops_corners,
          nicolae_qazlal_eye_of_the_storm, minmay_lair_entry_grove,
          enter_bailey_4, uniq_grum, uniq_maggie, uniq_erolcha
D:10:     layout_basic
D:11:     layout_loops_ring, zombieorc1_lemuel, serial_glass, glass_columns_a,
          glass_columns_c, laboratory
D:12:     layout_basic, serial_shops, nicolae_shop_statue_plus,
          hangedman_feature_mirror, minmay_misc_feat_plants, elyvilon_altar_1
D:13:     layout_loops_corners, serial_shops, nicolae_shop_crystal,
          grunt_ministairs_1, hangedman_ranch
D:14:     layout_gridville, grunt_vaults_entry_tiered, minmay_splitting_lines,
          gauntlet_entry_generic, serial_glass, glass_columns_c,
          glass_columns_a, kennysheep_diamond, minmay_misc_feat_iff
Temple:   hellmonk_temple_two_chambers
Lair:1:   layout_small_grid
Lair:2:   layout_regular_city, minmay_shoals_entry_beasts,
          nicolae_quartered_pool_super, pond
Lair:3:   layout_concentric_octagons, guppyfry_snake_entry_garden,
          serial_bayou_shore_a, infiniplex_staircase_pool_2, uniq_josephine,
          uniq_gastronok
Lair:4:   layout_loops_ring, slime_entry_1, special_room
          [special_room_mythical_zoo], serial_bayou_crossing
Lair:5:   gammafunk_lair_ancient_temple, layout_loops_ring, uniq_nessos
Orc:1:    layout_caves, uniq_jorgrun

Skill      XL: |  1  2  3  4  5  6  7  8  9 10 11 12 13 14 15 16 |
---------------+-------------------------------------------------+-----
Axes           | 3 |  3.9
Staves         | 1 3 5 6 8 10 11 13 14 | 14.9
Stealth        | 1 2 3 4 5 6 7 |  7.0
Shields        | 5 6 7 8 9 10 11 13 14 | 14.4
Fighting       | 4 5 7 8 9 10 11 12 13 | 13.0
Armour         | 4 5 6 7 8 9 10 11 | 11.8
Dodging        | 1 2 3 |  3.0
Throwing       | 1 2 4 5 6 7 8 |  8.0
Maces & Flails | 3 9 11 | 11.0
Evocations     | |  0.5

Action                   |  1- 3 |  4- 6 |  7- 9 | 10-12 | 13-15 | 16-18 || total
-------------------------+-------+-------+-------+-------+-------+-------++-------
Melee: War axe           |    70 |     9 |       |       |       |       ||    79
       Quarterstaff      |       |    52 |   172 |   486 |   432 |       ||  1142
       Bite              |       |       |       |    12 |   121 |    14 ||   147
       Great mace        |       |       |       |       |   377 |   188 ||   565
Throw: Boomerang         |       |     3 |     3 |     5 |       |       ||    11
       Dart              |       |       |    11 |     7 |       |       ||    18
       Javelin           |       |       |     2 |     7 |       |       ||     9
 Abil: Shaft Self        |       |       |     1 |       |       |       ||     1
       Dig               |       |       |       |     2 |       |     2 ||     4
Evoke: Wand              |       |       |       |       |     4 |     4 ||     8
  Use: Scroll            |     6 |     9 |     7 |    15 |    10 |     2 ||    49
       Potion            |       |     7 |     1 |     5 |     3 |     8 ||    24
 Stab: Sleeping          |       |     3 |     2 |     1 |       |       ||     6
       Distracted        |       |       |     1 |    16 |    13 |     4 ||    34
Armor: Scale mail        |    26 |       |       |       |       |       ||    26
       Leather armour    |     2 |    13 |    44 |    22 |       |       ||    81
       Plate armour      |       |       |       |    84 |   190 |       ||   274
       Crystal plate arm |       |       |       |       |   171 |   130 ||   301
Dodge: Dodged            |    31 |    24 |    74 |    99 |   210 |    77 ||   515
Block: Buckler           |    24 |    11 |    35 |   163 |   396 |   124 ||   753

Table legend: (Time is in decaauts)
 A = Elapsed time spent in this place.
 B = Non-inter-level travel time spent in this place.
 C = Inter-level travel time spent in this place.
 D = Time resting spent in this place.
 E = Time spent auto-exploring this place.
 F = Levels seen in this place.
 G = Mean time per level.
                   A        B        C        D        E       F      G
               +--------+--------+--------+--------+--------+-----+--------+
         Total |  25593 |  22893 |   2700 |   1796 |  16125 |  23 | 1112.7 |
       Dungeon |  17690 |  15421 |   2269 |   1142 |  11170 |  14 | 1263.6 |
        Temple |     28 |     28 |      0 |      0 |      0 |   1 |   28.0 |
          Lair |   6684 |   6282 |    402 |    517 |   4443 |   5 | 1336.8 |
  Orcish Mines |    381 |    353 |     28 |      0 |    214 |   1 |  381.0 |
       Ossuary |    420 |    420 |      0 |    137 |    139 |   1 |  420.0 |
        Bailey |    387 |    387 |      0 |      0 |    159 |   1 |  387.0 |
               +--------+--------+--------+--------+--------+-----+--------+

Top non-repeatable levels by time:
     D:3: 1813 daAuts
  Lair:4: 1737 daAuts
     D:7: 1696 daAuts
     D:9: 1654 daAuts
  Lair:5: 1650 daAuts
     D:8: 1524 daAuts
  Lair:3: 1482 daAuts
    D:14: 1472 daAuts
     D:5: 1268 daAuts
     D:6: 1249 daAuts
    D:13: 1219 daAuts
    D:12: 1147 daAuts
     D:4: 1059 daAuts
  Lair:2: 988 daAuts
     D:2: 974 daAuts
